 Dungeon Crawl Stone Soup version 0.18.1-48-g4cf74bf (webtiles) character file.

1262 Urgaas the Basher (level 8, 0/49 HPs)
             Began as a Gargoyle Berserker on June 28, 2016.
             Was an Elder of Trog.
             Slain by an unseen horror (3 damage)
             ... on level 5 of the Dungeon.
             The game lasted 00:26:23 (4877 turns).

Urgaas the Basher (Gargoyle Berserker)              Turns: 4877, Time: 00:26:25

Health: 0/49       AC: 16    Str: 21    XL:     8   Next: 52%
Magic:  8/8        EV: 11    Int: 10    God:    Trog [****..]
Gold:   426        SH:  5    Dex:  9    Spells: 0 memorised, 7 levels left

rFire  . . .     SeeInvis .     L - +1 flail (protect)
rCold  + . .     Gourm    .     t - +0 troll leather armour
rNeg   + + .     Faith    .     (no shield)
rPois  ∞         Spirit   .     (no helmet)
rElec  +         Dismiss  .     (no cloak)
rCorr  .         Reflect  +     S - +0 pair of gloves
SustAt .         Harm     .     (no boots)
MR     .....                    z - +5 amulet of reflection
Stlth  +.........               B - ring of positive energy
                                h - ring of protection from cold

@: exhausted, very slightly contaminated, invisible, not resistant to hostile
enchantments, very unstealthy
A: negative energy resistance 1, electricity resistance, unbreathing,
petrification resistance, rot immunity, AC +5
a: Berserk, Trog's Hand, Brothers in Arms, Burn Spellbooks, Renounce Religion


You were on level 5 of the Dungeon.
You worshipped Trog.
Trog was greatly pleased with you.
You were not hungry.

You visited 1 branch of the dungeon, and saw 5 of its levels.

You collected 426 gold pieces.

Inventory:

Hand Weapons
 a - a +0 mace
 e - a +0 whip
 g - a +2 vampiric dagger
 l - a +3 dagger
 m - a cursed -3 short sword
 E - a +0 blowgun
 I - a +0 dagger of draining
 L - a +1 flail of protection (weapon)
Missiles
 f - a throwing net
 n - 145 stones (quivered)
 r - 54 sling bullets
 F - 13 poisoned needles
Armour
 b - a +0 animal skin
 t - a +0 troll leather armour (worn)
 J - the +0 Maxwell's etheric cage {RegenMP+ *Contam rElec MP+4}
   (You took it off Robin on level 4 of the Dungeon)

   It insulates you from electricity.
   It affects your magic capacity (+4).
   It causes magical contamination when unequipped.
 M - a +1 ring mail of fire resistance
 O - a +1 robe of positive energy
 S - a +0 pair of gloves (worn)
Jewellery
 h - a ring of protection from cold (left hand)
 z - a +5 amulet of reflection (around neck)
 B - a ring of positive energy (right hand)
 R - an uncursed ring of magical power
Wands
 D - a wand of flame (25/48)
 K - a wand of iceblast (3/15)
Scrolls
 d - 4 scrolls of amnesia
 j - 4 scrolls of identify
 k - a scroll of enchant weapon {unknown}
 o - 3 scrolls of teleportation {unknown}
 p - 4 scrolls of recharging {unknown}
 q - a scroll of fear {unknown}
 s - a scroll of enchant armour {unknown}
 v - a scroll of blinking {unknown}
 x - a scroll of remove curse {unknown}
 y - a scroll of immolation {unknown}
 C - a scroll of random uselessness
 N - a scroll of fog {unknown}
Potions
 G - 2 potions of haste {unknown}
 H - a potion of resistance {unknown}
 P - a potion of cure mutation {unknown}
 Q - a potion of flight {unknown}
Comestibles
 c - 2 bread rations
 w - a meat ration
 A - 3 chunks of flesh


   Skills:
 + Level 5.2 Fighting
 + Level 8.8 Maces & Flails
 - Level 5.1 Armour
 - Level 1.5 Dodging


You had 7 spell levels left.
You didn't know any spells.

Dungeon Overview and Level Annotations

Branches:
Dungeon (5/15)
 Temple: D:4-7

Altars:
Nemelex Xobeh

Shops:
D:5 %[


Innate Abilities, Weirdness & Mutations

You are resistant to torment.
Your stone body is resilient (AC +5).
You are immune to poison.
You resist negative energy.
You are resistant to electric shocks.
You can survive without breathing.
You are immune to petrification.
You are immune to rotting.


Message History

You block something's attack. Something hits you but does no damage.
Drink which item? (? for menu, Esc to quit)
You fade further into invisibility.
Something hits you.
* * * LOW HITPOINT WARNING * * *
Eat one of 4 chunks of flesh? (ye/n/q/i?) This raw flesh tastes terrible.
Something hits you but does no damage.
You continue eating.
Something barely misses you.
You continue eating.
You feel yourself speed up. Something hits you.
* * * LOW HITPOINT WARNING * * *
Something hits you but does no damage. Something hits you but does no damage.
Something hits you.
* * * LOW HITPOINT WARNING * * *
Something hits you.
You die...

....... ....###.................
....... ........................
....... ........#...)...........
###.... ....###.................
# .... .<. #.#............... #
.. .. ##.#..............# ## ##.
#..##............## .#
#.###.###...%.##...### .#
#.....@###.#..####.# .# #.
#......<.#+#..# #.# .## #.##
#........+ +..####.### ..####..#
#........#+#...##....#
........###<..............#....#
#.####....#....................#
#.# #..#.#..............##....#
#.####....#..............##....#
........................###....#


There were no monsters in sight!

Vanquished Creatures
  Prince Ribbit (D:5)
  Sigmund (D:5)
  Menkaure (D:4)
  Edmund (D:4)
  2 crimson imps
  5 hounds
  2 centaur skeletons
  2 iguanas (D:4)
  An orc wizard (D:4)
  2 worker ants
  A hound skeleton (D:5)
  2 worker ant zombies
  Robin (D:4)
  3 gnolls (D:3)
  9 adders
  A shadow imp (D:5)
  An ooze (D:2)
  5 worms
  2 dart slugs (D:1)
  5 giant geckos
  4 orcs (D:4)
  3 giant cockroaches
  16 goblins
  7 hobgoblins
  4 jackals (D:1)
  6 kobolds
  2 quokkas
  6 bats
  6 giant newts
  A quokka skeleton (D:3)
  2 quokka zombies (D:5)
  8 rats
113 creatures vanquished.

Notes
Turn   | Place    | Note
--------------------------------------------------------------
     0 | D:1      | Urgaas the Gargoyle Berserker began the quest for the Orb.
     0 | D:1      | Reached XP level 1. HP: 14/14 MP: 1/1
   320 | D:1      | Reached XP level 2. HP: 14/19 MP: 2/2
   402 | D:1      | Found a sparkling altar of Nemelex Xobeh.
  1206 | D:1      | Reached XP level 3. HP: 16/24 MP: 3/3
  1213 | D:1      | Reached ** piety under Trog
  1606 | D:2      | Reached skill level 4 in Maces & Flails
  1651 | D:2      | Reached XP level 4. HP: 21/30 MP: 4/4
  2570 | D:3      | Reached XP level 5. HP: 30/34 MP: 5/5
  2686 | D:3      | Reached *** piety under Trog
  3229 | D:4      | Reached skill level 5 in Maces & Flails
  3453 | D:4      | Noticed Robin
  3462 | D:4      | Killed Robin
  3462 | D:4      | Reached XP level 6. HP: 39/39 MP: 6/6
  3647 | D:4      | Noticed Edmund
  3719 | D:4      | Killed Edmund
  3719 | D:4      | Reached skill level 6 in Maces & Flails
  3719 | D:4      | Reached XP level 7. HP: 42/44 MP: 7/7
  4108 | D:4      | Noticed Menkaure
  4203 | D:4      | Killed Menkaure
  4203 | D:4      | Reached skill level 5 in Armour
  4389 | D:5      | Entered Level 5 of the Dungeon
  4389 | D:5      | Found Beseig's Antique Armour Shop.
  4389 | D:5      | Noticed Sigmund
  4403 | D:4      | Reached skill level 7 in Maces & Flails
  4479 | D:5      | Killed Sigmund
  4479 | D:5      | Reached XP level 8. HP: 48/48 MP: 8/8
  4612 | D:5      | Found Vaakh's Food Emporium.
  4652 | D:5      | Reached skill level 8 in Maces & Flails
  4759 | D:5      | Reached skill level 5 in Fighting
  4773 | D:5      | Noticed Prince Ribbit
  4853 | D:5      | Killed Prince Ribbit
  4853 | D:5      | Reached **** piety under Trog
  4877 | D:5      | Slain by an unseen horror

Skill      XL: |  1  2  3  4  5  6  7  8 |
---------------+-------------------------+-----
Fighting       | 4 5 |  5.2
Maces & Flails | 4 5 6 7 8 |  8.8
Armour         | 3 4 5 |  5.1
Dodging        | |  1.5

Action                   |  1- 3 |  4- 6 |  7- 9 || total
-------------------------+-------+-------+-------++-------
Melee: Whip              |   133 |   360 |    48 ||   541
       Mace              |     5 |       |       ||     5
       Dagger            |       |    20 |       ||    20
       Flail             |       |       |   111 ||   111
 Fire: Blowgun           |       |    11 |       ||    11
Invok: Berserk           |     3 |     2 |     3 ||     8
  Use: Scroll            |     1 |     2 |       ||     3
       Potion            |       |       |     3 ||     3
 Stab: Sleeping          |     1 |       |       ||     1
  Eat: Beef jerky        |     1 |       |       ||     1
       Chunk             |     3 |     9 |     4 ||    16
       Bread ration      |       |       |     1 ||     1
Armor: Animal skin       |    33 |     1 |       ||    34
       Troll leather arm |       |   116 |   114 ||   230
Dodge: Dodged            |    80 |   175 |    91 ||   346
Block: Other             |       |    62 |    42 ||   104
       Reflection        |       |     1 |       ||     1
